 Dungeon Crawl Stone Soup version 0.24-a0-487-g57318f2ed0 (webtiles) character file.

Game seed: 2452571893567374953

701368 Inarius the Imperceptible (level 27, -30/233 HPs)
             Began as a Demonspawn Hunter on July 8, 2019.
             Was the Champion of Dithmenos.
             Killed from afar by an ancient lich (74 damage)
             ... with a lance of force
             ... on level 3 of the Abyss on July 10, 2019.
             The game lasted 03:35:56 (78726 turns).

Inarius the Imperceptible (Demonspawn Hunter)      Turns: 78726, Time: 03:35:56

Health: -30/233    AC: 19    Str: 18    XL:     27
Magic:  43/43      EV: 34    Int:  9    God:    Dithmenos [******]
Gold:   5154       SH: 31    Dex: 43    Spells: 26/26 levels left

rFire    + + .     SeeInvis +   F - +8 quick blade (chaos)
rCold    + . .     Gourm    .   n - +2 large shield
rNeg     + + +     Faith    .   D - +3 faerie dragon scales {rPois rN+ rCorr Dex+4}
rPois    +         Spirit   .   (helmet unavailable)
rElec    .         Reflect  +   U - scarf {rC+ rF+}
rCorr    +         Harm     .   Y - +2 pair of gloves of Bulocvo {rCorr Str+4}
MR       +++..                  T - +2 pair of boots {Stlth+}
Stlth    ++++++++++             j - +5 amulet of reflection
HPRegen  0.48/turn              g - ring of the Several Demons {rF+ rN+ MP+9 Int-2 Dex+4}
MPRegen  0.28/turn              Q - ring "Qiulis Evva" {EV+4 Dex+6 Slay+3}

@: about to teleport, wreathed by umbra
A: horns 3, thin skeletal structure 3, see invisible, blink, dopey 2, magic
resistance 1, negative energy resistance 1, nightstalker 3, powered by death 3,
robust 1, 50% torment resistance, black mark, MP-powered wands
}: 4/15 runes: decaying, serpentine, slimy, silver
a: Blink, Shadow Step, Shadow Form, Renounce Religion


You were on level 3 of the Abyss.
You worshipped Dithmenos.
Dithmenos was exalted by your worship.
You were hungry.

You visited 11 branches of the dungeon, and saw 57 of its levels.
You visited the Abyss 1 time.
You visited 1 bazaar.
You also visited: Sewer, Ossuary, Gauntlet and Wizlab.

You collected 10864 gold pieces.
You spent 5710 gold pieces at shops.

Inventory:

Hand Weapons
 d - a +3 demon whip of pain
 F - a +8 quick blade of chaos (weapon)
Armour
 b - the +1 fire dragon scales of Diefeppe {*Drain rF++ rC- Dex+5 Slay+5}
   (You bought it in a shop on level 2 of the Orcish Mines)

   It affects your dexterity (+5).
   It affects your accuracy and damage with ranged weapons and melee attacks
   (+5).
   It greatly protects you from fire.
   It makes you vulnerable to cold.
   It causes draining when unequipped.
 i - the +10 plate armour of the Jabberwock {Str-3 Int+2 Slay+6 Stlth+}
   (You found it on level 5 of the Lair of Beasts)

   It affects your strength (-3).
   It affects your intelligence (+2).
   It affects your accuracy and damage with ranged weapons and melee attacks
   (+6).
   It makes you more stealthy.
 n - a +2 large shield (worn)
 D - the +3 faerie dragon scales (worn) {rPois rN+ rCorr Dex+4}
   (You took it off the Enchantress on level 4 of the Depths)

   It affects your dexterity (+4).
   It protects you from poison.
   It protects you from negative energy.
   It provides partial protection from all sources of acid and corrosion.
 H - a +2 shield of cold resistance
 P - the +4 chain mail of the Farrier {rN++ MP+9 Dex+3 Stlth+}
   (You found it on level 2 of the Depths)

   It affects your dexterity (+3).
   It greatly protects you from negative energy.
   It affects your magic capacity (+9).
   It makes you more stealthy.
 T - a +2 pair of boots of stealth (worn)
 U - a scarf of resistance (worn)
 Y - the +2 pair of gloves of Bulocvo (worn) {rCorr Str+4}
   (You found it on level 15 of the Dungeon)

   It affects your strength (+4).
   It provides partial protection from all sources of acid and corrosion.
Jewellery
 g - the ring of the Several Demons (left hand) {rF+ rN+ MP+9 Int-2 Dex+4}
   (You found it on level 1 of the Elven Halls)

   [ring of magical power]

   It affects your intelligence (-2).
   It affects your dexterity (+4).
   It protects you from fire.
   It protects you from negative energy.
   It affects your magic capacity (+9).
 j - a +5 amulet of reflection (around neck)
 K - the ring "Xusuip Rydd" {rF+ Int+5 Stlth+}
   (You found it in a wizard's laboratory)

   [ring of stealth]

   It affects your intelligence (+5).
   It protects you from fire.
   It makes you more stealthy.
 M - the ring "Aphiyciu" {rF+ MR+}
   (You bought it in a shop on level 4 of the Snake Pit)

   [ring of protection from magic]

   It protects you from fire.
   It affects your resistance to hostile enchantments.
 O - the ring of Oqieth {rPois rF+ MP+9}
   (You found it on level 3 of the Elven Halls)

   [ring of poison resistance]

   It protects you from fire.
   It protects you from poison.
   It affects your magic capacity (+9).
 Q - the ring "Qiulis Evva" (right hand) {EV+4 Dex+6 Slay+3}
   (You took it off a deep elf demonologist on level 3 of the Elven Halls)

   [ring of evasion]

   It affects your evasion (+4).
   It affects your dexterity (+6).
   It affects your accuracy and damage with ranged weapons and melee attacks
   (+3).
Wands
 c - a wand of paralysis (9)
 s - a wand of iceblast (51)
 C - a wand of scattershot (17)
 R - a wand of acid (30)
 S - a wand of digging (2)
 X - a wand of clouds (16)
Scrolls
 h - 18 scrolls of identify
 o - 6 scrolls of blinking
 q - 32 scrolls of remove curse
 z - 9 scrolls of enchant armour
 A - 12 scrolls of fear
 B - 16 scrolls of teleportation
 J - 11 scrolls of summoning
 L - 12 scrolls of magic mapping
 N - a scroll of acquirement
 V - 4 scrolls of silence
 W - 3 scrolls of brand weapon
 Z - 10 scrolls of fog
Potions
 a - 3 potions of invisibility
 e - 3 potions of resistance
 l - 6 potions of agility
 m - 2 potions of ambrosia
 p - 18 potions of curing
 r - 20 potions of mutation
 t - 11 potions of heal wounds
 w - 11 potions of haste
 x - 9 potions of magic
 E - 4 potions of might
 G - 12 potions of flight
 I - 8 potions of cancellation
Miscellaneous
 k - a lamp of fire
 u - a lightning rod (4/4)
 y - 3 phantom mirrors
Comestibles
 f - 107 rations
 v - 3 chunks of flesh


   Skills:
 + Level 16.5 Fighting
 * Level 23.2 Short Blades
 - Level 3.6 Throwing
 + Level 12.5 Armour
 + Level 13.8 Dodging
 + Level 26.9 Stealth
 + Level 18.9 Shields
 * Level 15.5 Invocations
 + Level 10.5 Evocations


You had 26 spell levels left.
You didn't know any spells.
Your spell library contained the following spells:

 Spells                   Type           Power        Failure   Level  Hunger
 Animate Skeleton         Necr           N/A          73%         1    ##.....
 Apportation              Tloc           #.....       73%         1    ##.....
 Confusing Touch          Hex            #.....       73%         1    ##.....
 Corona                   Hex            #......      73%         1    ##.....
 Freeze                   Ice            #...         73%         1    ##.....
 Infusion                 Chrm           #...         73%         1    ##.....
 Magic Dart               Conj           #...         73%         1    ##.....
 Pain                     Necr           #...         73%         1    ##.....
 Sting                    Conj/Pois      #...         73%         1    ##.....
 Summon Butterflies       Summ           #.......     73%         1    ##.....
 Summon Small Mammal      Summ           #...         73%         1    ##.....
 Blink                    Tloc           N/A          86%         2    ###....
 Call Imp                 Summ           #.......     86%         2    ###....
 Corpse Rot               Necr           N/A          86%         2    ###....
 Ensorcelled Hibernation  Hex/Ice        #.....       86%         2    ###....
 Passwall                 Tmut/Erth      #.......     86%         2    ###....
 Poisonous Vapours        Pois/Air       #.....       86%         2    ###....
 Searing Ray              Conj           #.....       86%         2    ###....
 Shroud of Golubria       Chrm/Tloc      #.....       86%         2    ###....
 Slow                     Hex            #.......     86%         2    ###....
 Sticks to Snakes         Tmut           #.......     86%         2    ###....
 Swiftness                Chrm/Air       #.......     86%         2    ###....
 Throw Frost              Conj/Ice       #.....       86%         2    ###....
 Call Canine Familiar     Summ           #.......     97%         3    ####...
 Confuse                  Hex            #.......     97%         3    ####...
 Conjure Flame            Conj/Fire      #.......     97%         3    ####...
 Dazzling Spray           Conj/Hex       #.....       97%         3    ####...
 Gell's Gravitas          Tloc           #.........   97%         3    ####...
 Ignite Poison            Fire/Tmut/Pois #.......     97%         3    ####...
 Inner Flame              Hex/Fire       #.......     97%         3    ####...
 Lesser Beckoning         Tloc           #.........   97%         3    ####...
 Mephitic Cloud           Conj/Pois/Air  #.......     97%         3    ####...
 Ozocubu's Armour         Chrm/Ice       #.......     97%         3    ####...
 Recall                   Summ/Tloc      N/A          97%         3    ####...
 Regeneration             Chrm/Necr      #.........   97%         3    ####...
 Spider Form              Tmut/Pois      #.........   97%         3    ####...
 Stone Arrow              Conj/Erth      #.....       97%         3    ####...
 Summon Guardian Golem    Hex/Summ       #.......     97%         3    ####...
 Teleport Other           Tloc           #.......     97%         3    ####...
 Tukima's Dance           Hex            #.......     97%         3    ####...
 Vampiric Draining        Necr           #.........   97%         3    ####...
 Airstrike                Air            #.........   100%        4    #####..
 Animate Dead             Necr           N/A          100%        4    #####..
 Cause Fear               Hex            #.........   100%        4    #####..
 Force Lance              Conj/Tloc      #.......     100%        4    #####..
 Fulminant Prism          Conj/Hex       #.........   100%        4    #####..
 Iskenderun's Mystic Bla  Conj           #.......     100%        4    #####..
 Leda's Liquefaction      Hex/Erth       #.........   100%        4    #####..
 Olgreb's Toxic Radiance  Pois           #.......     100%        4    #####..
 Passage of Golubria      Tloc           N/A          100%        4    #####..
 Petrify                  Tmut/Erth      #.......     100%        4    #####..
 Sticky Flame             Conj/Fire      #.......     100%        4    #####..
 Summon Ice Beast         Ice/Summ       #.......     100%        4    #####..
 Summon Lightning Spire   Summ/Air       #.......     100%        4    #####..
 Throw Icicle             Conj/Ice       #.......     100%        4    #####..
 Agony                    Necr           #.......     100%        5    ######.
 Alistair's Intoxication  Tmut/Pois      #.......     100%        5    ######.
 Aura of Abjuration       Summ           #.........   100%        5    ######.
 Blade Hands              Tmut           #.........   100%        5    ######.
 Bolt of Draining         Conj/Necr      #.........   100%        5    ######.
 Bolt of Magma            Conj/Fire/Erth #.........   100%        5    ######.
 Borgnjor's Vile Clutch   Necr/Erth      #.........   100%        5    ######.
 Fireball                 Conj/Fire      #.........   100%        5    ######.
 Irradiate                Conj/Tmut      #.........   100%        5    ######.
 Iskenderun's Battlesphe  Conj/Chrm      #.......     100%        5    ######.
 Lee's Rapid Deconstruct  Erth           #.........   100%        5    ######.
 Silence                  Hex/Air        #.........   100%        5    ######.
 Summon Demon             Summ           #.........   100%        5    ######.
 Summon Forest            Summ/Tloc      #.........   100%        5    ######.
 Summon Mana Viper        Hex/Summ       #.......     100%        5    ######.
 Venom Bolt               Conj/Pois      #.........   100%        5    ######.
 Darkness                 Hex            #.........   100%        6    #######
 Death Channel            Necr           #.........   100%        6    #######
 Deflect Missiles         Chrm/Air       #.........   100%        6    #######
 Freezing Cloud           Conj/Ice/Air   #.........   100%        6    #######
 Hydra Form               Tmut           #.........   100%        6    #######
 Invisibility             Hex            #.......     100%        6    #######
 Iron Shot                Conj/Erth      #.........   100%        6    #######
 Shadow Creatures         Summ           N/A          100%        6    #######
 Simulacrum               Ice/Necr       #.........   100%        6    #######
 Statue Form              Tmut/Erth      #........    100%        6    #######
 Dragon Form              Tmut           #.........   100%        7    #######
 Haunt                    Necr/Summ      #.........   100%        7    #######
 Malign Gateway           Summ/Tloc      #.........   100%        7    #######
 Orb of Destruction       Conj           #.........   100%        7    #######
 Ring of Flames           Chrm/Fire      #.........   100%        7    #######
 Spellforged Servitor     Conj/Summ      #.........   100%        7    #######
 Summon Hydra             Summ           #.........   100%        7    #######
 Borgnjor's Revivificati  Necr           #.........   100%        8    #######
 Death's Door             Chrm/Necr      #.........   100%        8    #######
 Infestation              Necr           #.........   100%        8    #######
 Necromutation            Tmut/Necr      #.........   100%        8    #######


Dungeon Overview and Level Annotations

Branches:
Dungeon (15/15)            Temple (0/1) D:5            Lair (6/6) D:10
  Swamp (4/4) Lair:4        Snake (4/4) Lair:2        Slime (5/5) Lair:6
    Orc (2/2) D:11            Elf (3/3) Orc:2        Vaults (5/5) D:14
  Crypt (3/3) Vaults:3       Tomb (0/3) Crypt:3      Depths (5/5) D:15
    Zot (5/5) Depths:5

Altars:
Ashenzari
Cheibriados
Dithmenos
Fedhas
Gozag
Kikubaaqudgha
Nemelex Xobeh
Okawaru
Sif Muna
Trog
Uskayaw
Xom
Yredelemnul
Beogh
Jiyva

Shops:
D:4 (   D:8 %   D:13 [   Orc:1 ((!*(   Orc:2 %(:[}   Elf:1 (?%*   Elf:2 %
Elf:3 [   Snake:3 ==}   Snake:4 =:}[   Vaults:1 !:   Vaults:3 :

Portals:
Hell: Depths:1 Depths:2 Depths:3 Depths:4 Depths:5
Abyss: Depths:3 Depths:4
Pandemonium: Depths:3 Depths:4
Ziggurat: Depths:3
Trove: Depths:4 (give +8 demon whip)

Annotations:
Elf:1 Epna's ghost, adept DEFE
Depths:1 Enui's ghost, veteran DDFi


Innate Abilities, Weirdness & Mutations

You have a pair of large horns on your head.
You have an unnaturally thin skeletal structure. (Dex +6, Stealth++)
You resist negative energy. (rN+)
You are completely attuned to the shadows.
You regenerate a lot of health from kills.
You are somewhat able to resist unholy torments (1 in 2 success).
Your melee attacks may debilitate your foes.
You have supernaturally acute eyesight. (SInv)
You can translocate small distances at will.
You are very dopey. (Int -4)
You are resistant to hostile enchantments. (MR+)
You are robust. (+10% HP)
You expend magic power (3 MP) to strengthen your wands.


Message History

Your headbutt misses the ancient lich.
The ancient lich is heavily damaged.
The ancient lich completely misses you.
Unknown command.
You hit the ancient lich but do no damage.
You headbutt the ancient lich.
The ancient lich is heavily damaged.
Your shadow hits the ancient lich but does no damage.
You block the ancient lich's attack.
The Ice Fiend calls on the powers of darkness!
Your body is wracked with pain!
* * * LOW HITPOINT WARNING * * *
You feel much better. The ancient lich touches you.
* * * LOW HITPOINT WARNING * * *
Unknown command.
You hit the ancient lich but do no damage.
The ancient lich is heavily damaged.
The ancient lich points at you and mumbles some strange words.
The lance of force hits you!!!!
You die...

## ..# .
..#.# § § .#
. . .....§.§
# .
.....§.#. .#
.
...§§§§#.###
# .
..§§1§§#.# #
..§1L# §#.
.§§§§@# .# .
. .§§§§.§#..
...§§§§§..§
# .####..#.#
.#####


You could see an ancient lich (invisible), an Ice Fiend and an Executioner.

Vanquished Creatures
  the Royal Jelly (Slime:5)
  2 orbs of fire
  An ancient lich (Zot:5)
  Mennas (Vaults:2)
  A juggernaut (Depths:1)
  Saint Roka (Vaults:2)
  A curse toe (Zot:5)
  Frederick (Vaults:4)
  6 golden dragons
  the Enchantress (Depths:4)
  A mutant beast (WizLab)
  6 bone dragons
  Nikola (Vaults:1)
  4 liches
  Jorgrun (D:14)
  9 tentacled monstrosities
  6 Orb Guardians (Zot:5)
  3 deep elf blademasters
  4 deep elf master archers (Elf:3)
  9 quicksilver dragons
  16 acid blobs
  5 titans
  2 ancient champions
  4 death cobs
  10 sphinxes
  7 tentacled starspawn
  7 shadow dragons
  11 storm dragons
  10 tengu reavers
  2 thorn hunters
  5 draconian monks
  14 azure jellies
  3 fire giants
  19 frost giants
  10 vault wardens
  8 nagarajas
  5 revenants
  4 draconian knights
  2 iron dragons
  6 deep elf elementalists
  11 deep elf sorcerers
  3 ghost moths
  A balrug (Abyss:1)
  4 draconian stormcallers
  3 draconian scorchers
  A draconian shifter (Zot:5)
  3 curse skulls
  An entropy weaver (shapeshifter) (D:15)
  15 ironheart preservers
  26 very ugly things
  6 ghouls (Crypt:1)
  22 stone giants
  3 spriggan defenders (Depths:4)
  7 war gargoyles
  12 green draconians
  4 draconian annihilators
  7 entropy weavers
  5 yellow draconians
  Azrael (D:14)
  8 starcursed masses
  6 black draconians
  4 vampire knights
  6 deep elf demonologists
  4 dire elephants
  A minotaur (Gauntlet)
  14 spark wasps
  2 spectral titans (Crypt:3)
  10 purple draconians
  10 deep elf annihilators
  9 red draconians
  7 white draconians
  16 ettins
  The ghost of ivs the Grappler, a journeyman VSTm of Okawaru (Swamp:1)
  2 spectral quicksilver dragons (Crypt:3)
  A crystal guardian (Vaults:5)
  15 eidola
  11 fire dragons
  A mummy priest (Crypt:3)
  17 jiangshi
  3 deep elf high priests (Elf:3)
  8 death oozes
  20 great orbs of eyes
  Josephine (D:15)
  10 deep elf death magi
  19 hydras
  12 ice dragons
  19 yaktaur captains
  24 vault guards
  A spectral shadow dragon (Crypt:3)
  A spectral golden dragon (Crypt:3)
  3 catoblepae
  19 naga warriors
  5 spriggan air magi
  10 centaur warriors
  3 ghost crabs
  6 rakshasas
  19 alligators
  42 two-headed ogres
  11 anacondas
  23 dancing weapons
  5 death knights
  15 ogre magi
  14 deep troll shamans
  9 tengu warriors
  2 queen ants
  A hell hog (Abyss:3)
  7 shock serpents
  6 vampire magi
  6 deep troll earth magi
  18 thrashing horrors
  An iron golem (WizLab)
  7 death yaks
  2 spectral storm dragons (Crypt:3)
  A storm dragon zombie (Abyss:2)
  4 orc high priests
  9 naga sharpshooters
  14 spriggan berserkers
  3 hell knights (Depths:5)
  24 deep elf knights
  A soul eater (Abyss:3)
  Sonja (Lair:1)
  3 salamander mystics
  Nergalle (D:10)
  13 spriggans
  A fire crab (shapeshifter) (Depths:3)
  13 skeletal warriors
  8 wretched stars
  3 iron trolls (Depths:5)
  2 spatial maelstroms (Abyss:3)
  An iron troll (shapeshifter) (Vaults:4)
  21 large abominations
  A shadow demon (Abyss:2)
  10 shadow wraiths
  3 sixfirhies
  An unseen horror (shapeshifter) (WizLab)
  5 spectral hydras
  A spectral emperor scorpion (Crypt:3)
  13 flayed ghosts
  2 storm dragon skeletons
  A spectral anaconda (Crypt:3)
  A quicksilver dragon simulacrum (Crypt:3)
  6 naga ritualists
  A death drake (shapeshifter) (WizLab)
  An unseen horror (Vaults:1)
  25 deep trolls
  4 spriggan druids
  8 glowing orange brains
  An iron giant skeleton (Crypt:1)
  A tengu zombie (Vaults:4)
  8 wizards
  13 deep elf archers
  6 swamp dragons
  18 phantasmal warriors
  11 ironbrand convokers
  A lindwurm (shapeshifter) (Depths:4)
  A spectral iron dragon (Crypt:3)
  69 deep elf magi
  17 orc knights
  11 mana vipers
  A harpy (shapeshifter) (WizLab)
  An orb spider (shapeshifter) (WizLab)
  3 harpies (Vaults:1)
  5 orc sorcerers
  2 spectral ettins (Crypt:3)
  A wolf spider zombie (D:13)
  2 ugly things (shapeshifter)
  An orb spider (Abyss:2)
  4 wolf spiders
  87 ugly things
  A manticore (shapeshifter) (D:15)
  7 shining eyes
  2 frost giant zombies
  6 necromancers
  9 cyclopes
  A spectral alligator (Swamp:1)
  5 oklob plants (Lair:6)
  19 moths of wrath
  A worldbinder (Abyss:1)
  A cyclops (shapeshifter) (Vaults:5)
  A shadow dragon skeleton (Abyss:2)
  2 manticores
  20 salamanders
  2 guardian serpents (Abyss:2)
  11 vault sentinels
  8 elephants
  4 centaur zombies
  2 eyes of devastation (Slime:5)
  7 smoke demons
  3 black mambas (shapeshifter)
  2 rust devils
  A fire giant skeleton (Crypt:1)
  An eye of devastation (shapeshifter) (Zot:4)
  35 black mambas
  3 guardian serpents (shapeshifter)
  14 naga magi
  A torpor snail (shapeshifter) (WizLab)
  A yaktaur zombie (Vaults:5)
  13 spiny frogs
  2 minotaur zombies
  4 torpor snails (Depths:2)
  2 orange demons (Abyss:2)
  A red draconian zombie (Crypt:1)
  2 storm dragon simulacra (Crypt:3)
  2 kobold demonologists
  2 hellions (Zot:4)
  A grey draconian zombie (Crypt:2)
  A rime drake (shapeshifter) (D:15)
  2 gargoyles
  50 yaktaurs
  5 spectral swamp worms (Depths:1)
  3 komodo dragons
  2 elves (WizLab)
  6 efreet
  5 ancient zymes (Abyss:3)
  A komodo dragon (shapeshifter) (WizLab)
  4 swamp worm zombies (Swamp:4)
  4 rime drakes
  A spectral harpy (Crypt:3)
  34 freezing wraiths
  An anaconda simulacrum (Crypt:3)
  6 guardian mummies (Crypt:3)
  7 tengu conjurers
  2 hellwings
  A silent spectre (Abyss:3)
  3 hydra zombies (Swamp:4)
  A minotaur skeleton (Crypt:1)
  3 jumping spiders
  3 meliai (D:15)
  A pale draconian skeleton (Crypt:3)
  4 polar bears (shapeshifter) (WizLab)
  3 polar bears
  A wind drake (shapeshifter) (WizLab)
  3 jumping spiders (shapeshifter)
  3 wolf spider simulacra (Crypt:3)
  2 green draconian skeletons
  5 trolls
  A troll (shapeshifter) (WizLab)
  11 tyrant leeches
  15 hornets
  4 blink frogs
  A guardian serpent zombie (Crypt:3)
  A jumping spider zombie (Crypt:3)
  A slime creature (shapeshifter) (Elf:2)
  An iron dragon simulacrum (Crypt:3)
  A tarantella zombie (Crypt:2)
  14 bog bodies
  8 hippogriffs
  99 slime creatures
  An alligator zombie (Swamp:4)
  13 raiju
  A satyr zombie (Crypt:3)
  A dream sheep (shapeshifter) (WizLab)
  3 spectral swamp dragons (Swamp:4)
  2 raiju (shapeshifter)
  A hippogriff (shapeshifter) (WizLab)
  5 fire giant simulacra
  2 stone giant simulacra
  2 meliai zombies
  A guardian serpent skeleton (Crypt:3)
  14 flying skulls
  A centaur simulacrum (D:15)
  A shock serpent simulacrum (Crypt:3)
  2 water elementals (Depths:3)
  3 shapeshifters
  A redback (shapeshifter) (WizLab)
  2 spriggans (shapeshifter)
  6 ynoxinuls
  37 yaks
  A frost giant simulacrum (Crypt:3)
  4 shadows
  3 tarantellas (shapeshifter) (WizLab)
  20 wraiths
  12 redbacks
  2 air elementals
  4 tarantellas (Vaults:3)
  A wyvern (Lair:1)
  A vampire (Abyss:2)
  3 hungry ghosts
  7 fire elementals
  3 hogs (shapeshifter)
  4 humans (WizLab)
  5 basilisks (shapeshifter)
  3 fire bats (Depths:3)
  A golden eye (shapeshifter) (Vaults:4)
  2 yaks (shapeshifter) (WizLab)
  5 golden eyes
  2 neqoxecs
  An emperor scorpion simulacrum (Crypt:3)
  34 vampire mosquitoes
  7 basilisks
  6 chaos spawn
  Menkaure (Ossuary)
  3 spatial vortices (Abyss:3)
  A spectral spiny frog (Swamp:1)
  13 swamp worms
  9 wargs
  18 insubstantial wisps
  58 nagas
  A warg (shapeshifter) (Vaults:2)
  A spectral snapping turtle (Crypt:3)
  An acid dragon (Vaults:1)
  2 hydra simulacra
  14 water moccasins
  A spectral hornet (Swamp:1)
  2 soldier ants (shapeshifter) (WizLab)
  A swamp drake (shapeshifter) (Vaults:5)
  6 porcupines
  10 hell hounds
  6 floating eyes
  Duvessa (D:6)
  11 swamp drakes
  2 ice beasts
  5 sky beasts
  An ettin simulacrum (Crypt:3)
  47 orc warriors
  11 phantoms
  4 swamp dragon zombies (Swamp:4)
  4 alligator simulacra
  4 eyes of draining (shapeshifter)
  2 necrophages
  24 boggarts
  2 ice dragon simulacra (Crypt:3)
  23 centaurs
  38 ogres
  5 eyes of draining
  A hog zombie (Crypt:3)
  20 crocodiles
  A swamp dragon skeleton (Crypt:1)
  A blink frog skeleton (Crypt:3)
  Blork the orc (D:5)
  6 big kobolds
  21 small abominations
  A spriggan simulacrum (Swamp:1)
  23 wolves
  A draconian zombie (Crypt:1)
  A human zombie (Vaults:4)
  11 earth elementals
  15 bullfrogs
  A wyvern zombie (D:13)
  A water moccasin zombie (D:7)
  Dowan (D:6)
  2 scorpions
  A spectral tengu (Crypt:3)
  A warg skeleton (Crypt:2)
  4 killer bees (D:9)
  A swamp dragon simulacrum (Swamp:1)
  2 snapping turtle simulacra (Crypt:3)
  2 elf simulacra (Vaults:4)
  20 wights
  6 electric eels
  9 jellies
  A spectral centaur (Crypt:3)
  8 crimson imps
  2 quasits (Abyss:2)
  A bullfrog zombie (D:11)
  6 hounds
  19 orc priests
  3 centaur skeletons
  A gnoll shaman (D:4)
  An iron imp (Abyss:1)
  A bullfrog skeleton (D:12)
  Jessica (D:3)
  A human skeleton (Crypt:2)
  2 iguanas
  37 orc wizards
  3 spectral swamp drakes
  2 hell rats (Lair:6)
  7 worker ants
  A killer bee zombie (D:7)
  An acid dragon skeleton (Crypt:1)
  A sky beast zombie (Crypt:2)
  A hound zombie (D:6)
  2 human simulacra (Crypt:3)
  3 mummies (Ossuary)
  A howler monkey zombie (Crypt:3)
  A worker ant zombie (D:9)
  15 adders
  3 gnolls (D:4)
  An adder (shapeshifter) (Vaults:5)
  A naga simulacrum (Crypt:3)
  14 river rats
  5 shadow imps
  A white imp (Abyss:1)
  An ooze (shapeshifter) (Vaults:5)
  9 oozes
  An adder skeleton (D:7)
  A worm (D:3)
  2 dart slugs (D:2)
  2 leopard geckos
  118 orcs
  8 bats
  4 giant cockroaches
  4 gnoll zombies (Ossuary)
  10 goblins
  7 hobgoblins
  10 jackals
  36 kobolds
  5 quokkas
  5 ball pythons
  A dart slug zombie (Crypt:3)
  6 frilled lizards
  5 gnoll skeletons (Ossuary)
  5 goblin skeletons (Ossuary)
  3 goblin zombies
  5 hobgoblin skeletons (Ossuary)
  3 hobgoblin zombies (Ossuary)
  A jackal zombie (Crypt:2)
  2 kobold skeletons (Ossuary)
  7 kobold zombies (Ossuary)
  A leopard gecko zombie (D:6)
  4 orc skeletons (Ossuary)
  3 orc zombies (Ossuary)
  A quokka zombie (D:5)
  28 rats
  3 rat skeletons
  6 rat zombies (Ossuary)
  A butterfly (Lair:4)
  A lurking horror (Abyss:2)
  3 plants
3010 creatures vanquished.

Vanquished Creatures (collateral kills)
  An azure jelly (Slime:5)
  A death ooze (Slime:5)
  A great orb of eyes (Slime:5)
  A thrashing horror (Gauntlet)
  A shining eye (Slime:5)
  A small abomination (Gauntlet)
  A naga (Snake:4)
  2 orc priests (D:11)
  An orc wizard (D:11)
  A worker ant (D:11)
  3 orcs (D:11)
14 creatures vanquished.

Vanquished Creatures (others)
  An ancient lich (Abyss:3)
  An acid blob (Slime:3)
  A ghost moth (Depths:5)
  A very ugly thing (Depths:5)
  A white draconian (Zot:4)
  A fire dragon (Depths:5)
  A yaktaur captain (Depths:3)
  A naga sharpshooter (Snake:4)
  A shock serpent (Snake:2)
  A skeletal warrior (Crypt:1)
  A wizard (Depths:2)
  2 deep elf magi
  5 yaktaurs
  A freezing wraith (Crypt:3)
  A tyrant leech (Swamp:1)
  A raiju (Abyss:3)
  A slime creature (Slime:3)
  A yak (D:14)
  A neqoxec (Abyss:3)
  A swamp worm (Swamp:2)
  An ogre (Depths:1)
  A centaur (Vaults:4)
  A hobgoblin skeleton (Ossuary)
  An orc skeleton (Ossuary)
  A fire vortex (Zot:1)
  6 fungi (Lair:6)
  17 plants
  8 starspawn tentacles (Abyss:3)
61 creatures vanquished.

Grand Total: 3085 creatures vanquished

Notes
Turn   | Place    | Note
-------+----------+-------------------------------------------
     0 | D:1      | Inarius the Demonspawn Hunter began the quest for the Orb.
     0 | D:1      | Reached XP level 1. HP: 16/16 MP: 1/1
   248 | D:1      | Gained mutation: You are slightly more attuned to the
                  | shadows. [demonic ancestry]
   248 | D:1      | Reached XP level 2. HP: 23/23 MP: 2/2
   331 | D:1      | Reached skill level 1 in Stealth
   813 | D:1      | Reached XP level 3. HP: 14/28 MP: 3/3
  1529 | D:2      | Reached skill level 1 in Armour
  1677 | D:2      | Gained mutation: You have a pair of small horns on your
                  | head. [demonic ancestry]
  1677 | D:2      | Reached XP level 4. HP: 32/35 MP: 4/4
  1794 | D:2      | Found a shadowy altar of Dithmenos.
  1805 | D:2      | Became a worshipper of Dithmenos the Shadowed
  2200 | D:3      | Gained mutation: You have a somewhat thin skeletal
                  | structure. (Dex +2, Stealth) [demonic ancestry]
  2200 | D:3      | Reached XP level 5. HP: 25/41 MP: 5/5
  2499 | D:3      | Reached skill level 1 in Invocations
  3002 | D:3      | Noticed Jessica
  3009 | D:3      | Killed Jessica
  3180 | D:4      | Found an iron altar of Okawaru.
  3189 | D:4      | Noticed a phantom
  3233 | D:4      | Reached skill level 2 in Stealth
  3237 | D:4      | Gained mutation: You have a moderately thin skeletal
                  | structure. (Dex +4, Stealth+) [demonic ancestry]
  3237 | D:4      | Reached XP level 6. HP: 32/48 MP: 7/7
  3564 | D:4      | Reached * piety under Dithmenos
  3597 | D:4      | Found a deep blue altar of Sif Muna.
  3858 | D:4      | Found Mipruf's Antique Weapon Shop.
  4101 | D:5      | Entered Level 5 of the Dungeon
  4103 | D:5      | Found a hide-covered altar of Uskayaw.
  4103 | D:5      | Found an ancient bone altar of Kikubaaqudgha.
  4103 | D:5      | Found a sparkling altar of Nemelex Xobeh.
  4228 | D:5      | Gained mutation: You regenerate a little health from kills.
                  | [demonic ancestry]
  4228 | D:5      | Reached XP level 7. HP: 19/54 MP: 9/9
  4409 | D:5      | Found a glowing drain.
  4422 | Sewer    | Entered a sewer
  4461 | Sewer    | Upgraded the game from 0.24-a0-479-g9a978d2894 to
                  | 0.24-a0-486-ged8816983f
  4591 | Sewer    | Reached skill level 3 in Stealth
  4622 | Sewer    | Reached ** piety under Dithmenos
  4868 | D:5      | Found a sand-covered staircase.
  4874 | Ossuary  | Entered an ossuary
  4938 | Ossuary  | Reached *** piety under Dithmenos
  5180 | Ossuary  | Noticed Menkaure
  5189 | Ossuary  | Killed Menkaure
  5189 | Ossuary  | Reached **** piety under Dithmenos
  5399 | Ossuary  | Identified a scroll of acquirement
  5423 | D:5      | Reached skill level 5 in Fighting
  5423 | D:5      | Reached skill level 4 in Stealth
  5538 | D:5      | Found an opulent altar of Gozag.
  5548 | D:5      | Noticed Blork the orc
  5571 | D:5      | Killed Blork the orc
  5571 | D:5      | Reached XP level 8. HP: 52/62 MP: 11/11
  5661 | D:5      | Found a staircase to the Ecumenical Temple.
  6095 | D:5      | Got a steaming dagger
  6096 | D:5      | Identified the +7 dagger "Tepp" {elec, rC+ rN+} (You found
                  | it on level 5 of the Dungeon)
  6840 | D:6      | Reached skill level 5 in Invocations
  6945 | D:6      | Found a snail-covered altar of Cheibriados.
  6963 | D:6      | Reached skill level 5 in Stealth
  6977 | D:6      | Reached skill level 1 in Evocations
  7016 | D:6      | Found a basalt altar of Yredelemnul.
  7129 | D:6      | Noticed Dowan
  7132 | D:6      | Noticed Duvessa
  7136 | D:6      | Killed Dowan
  7509 | D:6      | Reached XP level 9. HP: 68/71 MP: 12/12
  7599 | D:6      | Killed Duvessa
  7822 | D:7      | Reached skill level 5 in Armour
  8087 | D:7      | Reached ***** piety under Dithmenos
  8093 | D:7      | Reached skill level 6 in Stealth
  8430 | D:7      | Got a distressingly furry chain mail
  8431 | D:7      | Identified the cursed +0 chain mail "Fanut" {Regen+} (You
                  | found it on level 7 of the Dungeon)
  9041 | D:8      | Reached skill level 5 in Dodging
  9502 | D:8      | Reached skill level 1 in Short Blades
  9526 | D:8      | Reached XP level 10. HP: 75/79 MP: 13/13
  9643 | D:8      | Reached skill level 7 in Stealth
  9771 | D:8      | Found Dedoifa's Food Shoppe.
  9966 | D:9      | Noticed a two-headed ogre
  9970 | D:9      | Killed a two-headed ogre
 10206 | D:9      | Reached skill level 5 in Short Blades
 10328 | D:9      | Found a shimmering altar of Xom.
 10524 | D:9      | Found a blossoming altar of Fedhas.
 10926 | D:10     | Entered Level 10 of the Dungeon
 10963 | D:10     | Noticed a two-headed ogre
 11019 | D:10     | Killed a two-headed ogre
 11580 | D:10     | Gained mutation: You regenerate health from kills. [demonic
                  | ancestry]
 11580 | D:10     | Reached XP level 11. HP: 81/84 MP: 14/14
 11624 | D:10     | Noticed Nergalle
 11627 | D:10     | Killed Nergalle
 11635 | D:10     | Identified the Compendium of Dark Beguiling
 11748 | D:10     | Found a staircase to the Lair.
 11935 | D:11     | Noticed an orc knight
 11942 | D:11     | Killed an orc knight
 11947 | D:11     | Found a roughly hewn altar of Beogh.
 11963 | D:11     | Found a staircase to the Orcish Mines.
 11988 | D:11     | Found a gate leading to a gauntlet.
 11996 | Gauntlet | Entered a Gauntlet
 11996 | Gauntlet | Found a transporter.
 12001 | Gauntlet | Found a transporter.
 12017 | Gauntlet | Found a transporter.
 12018 | Gauntlet | Noticed a necromancer
 12019 | Gauntlet | Found a transporter.
 12029 | Gauntlet | Found a transporter.
 12032 | Gauntlet | Found a transporter.
 12042 | Gauntlet | Found a transporter.
 12050 | Gauntlet | Noticed a thrashing horror
 12053 | Gauntlet | Noticed a thrashing horror
 12061 | Gauntlet | Found a transporter.
 12063 | Gauntlet | Noticed a purple ugly thing
 12066 | Gauntlet | Found a transporter.
 12068 | Gauntlet | Found a transporter.
 12072 | Gauntlet | Found a runed translucent door.
 12076 | Gauntlet | Found a transporter.
 12079 | Gauntlet | Found a transporter.
 12083 | Gauntlet | Noticed a soul eater
 12112 | Gauntlet | Found a runed translucent door.
 12120 | Gauntlet | Noticed a glowing orange brain
 12120 | Gauntlet | Noticed a cyan ugly thing
 12241 | Gauntlet | Killed a necromancer
 12294 | Gauntlet | Paralysed by a hornet for 1 turns
 12332 | Gauntlet | Killed a thrashing horror
 12344 | Gauntlet | Killed a thrashing horror
 12351 | Gauntlet | Got an ancient copper amulet
 12360 | Gauntlet | Identified the amulet of Isoystre {Inacc rElec} (You found
                  | it in a Gauntlet)
 12379 | Gauntlet | Noticed a minotaur
 12389 | Gauntlet | Killed a minotaur
 12398 | Gauntlet | Identified Sif Muna's Almanac of Ensnaring Companions
 12465 | Gauntlet | Reached skill level 10 in Short Blades
 12878 | D:11     | Noticed a two-headed ogre
 13326 | D:11     | Reached skill level 5 in Evocations
 13583 | D:11     | Paralysed by a hornet for 3 turns
 13709 | D:11     | Noticed a seven-headed hydra
 13742 | D:11     | HP: 3/84 [two-headed ogre/+0 giant club (15)]
 13748 | D:11     | Killed a two-headed ogre
 13768 | D:11     | Gained mutation: You have a pair of horns on your head.
                  | [demonic ancestry]
 13768 | D:11     | Reached XP level 12. HP: 27/91 MP: 16/16
 14381 | Lair:1   | Entered Level 1 of the Lair of Beasts
 14772 | Lair:1   | Noticed Sonja
 14776 | Lair:1   | Killed Sonja
 14937 | Lair:1   | Noticed a fire dragon
 14940 | Lair:1   | Killed a fire dragon
 14960 | Lair:1   | Identified the cursed +0 chain mail "Trusted Companion"
                  | {rElec MR+ MP-9 Stlth+} (You found it on level 1 of the
                  | Lair of Beasts)
 15538 | Lair:2   | Got an ichor-stained chain mail
 15659 | Lair:2   | Found a staircase to the Snake Pit.
 17135 | Lair:4   | Noticed a six-headed hydra
 17136 | Lair:4   | Noticed a seven-headed hydra
 17143 | Lair:4   | Found a staircase to the Swamp.
 17166 | Lair:4   | Killed a seven-headed hydra
 17166 | Lair:4   | Gained mutation: You have a pair of large horns on your
                  | head. [demonic ancestry]
 17166 | Lair:4   | Reached XP level 13. HP: 88/96 MP: 19/19
 17170 | Lair:4   | Identified the cursed +0 chain mail of Nibaitum {rC- MR+++
                  | Int+9 Dex-3} (You found it on level 2 of the Lair of
                  | Beasts)
 17318 | Lair:5   | Got an ichor-stained plate armour
 17904 | Lair:5   | Reached skill level 8 in Stealth
 18179 | Lair:6   | Entered Level 6 of the Lair of Beasts
 18420 | Lair:6   | Reached skill level 9 in Stealth
 18626 | Lair:6   | Reached ****** piety under Dithmenos
 19152 | Lair:6   | Found a staircase to the Slime Pits.
 19256 | Lair:6   | Noticed a dire elephant
 19269 | Lair:6   | Killed a dire elephant
 19401 | Lair:6   | Noticed a dire elephant
 19401 | Lair:6   | Noticed a dire elephant
 19434 | Lair:6   | HP: 1/98 [dire elephant (27)]
 19601 | Lair:6   | Noticed a dire elephant
 19808 | Lair:6   | Noticed a dire elephant
 20086 | Lair:6   | Killed a dire elephant
 20369 | Lair:6   | Noticed a dire elephant
 20398 | Lair:6   | Killed a dire elephant
 20398 | Lair:6   | Reached skill level 10 in Stealth
 20398 | Lair:6   | Reached skill level 10 in Invocations
 20797 | Lair:6   | Gained mutation: You are significantly more attuned to the
                  | shadows. [demonic ancestry]
 20797 | Lair:6   | Reached XP level 14. HP: 105/105 MP: 21/21
 21139 | Orc:1    | Entered Level 1 of the Orcish Mines
 21141 | Orc:1    | Found Tanow's Weapon Emporium.
 21159 | Orc:1    | Found Obbobumu's Weapon Shop.
 21385 | Orc:1    | Found Uweg's Assorted Antiques.
 21398 | Orc:1    | Bought a wand of acid (8) for 248 gold pieces
 21398 | Orc:1    | Bought a buckler for 139 gold pieces
 21398 | Orc:1    | Bought a pair of gloves for 139 gold pieces
 21398 | Orc:1    | Bought a scroll of identify for 62 gold pieces
 21398 | Orc:1    | Bought a scroll of identify for 62 gold pieces
 21398 | Orc:1    | Identified the +10 plate armour of the Jabberwock {Str-3
                  | Int+2 Slay+6 Stlth+} (You found it on level 5 of the Lair
                  | of Beasts)
 21493 | Orc:1    | Found Plog's Distillery.
 21501 | Orc:1    | Bought a potion of heal wounds for 60 gold pieces
 21501 | Orc:1    | Bought a potion of might for 48 gold pieces
 21653 | Orc:1    | Found Vimoebbur's Antique Weapon Shoppe.
 21740 | Orc:2    | Entered Level 2 of the Orcish Mines
 22033 | Orc:2    | Found a staircase to the Elven Halls.
 22416 | Orc:2    | Found Umuwnung's Gadget Shop.
 22459 | Orc:2    | Found a bloodstained altar of Trog.
 22997 | Orc:2    | Reached skill level 1 in Shields
 23045 | Orc:2    | Found Idworit's Food Shop.
 23045 | Orc:2    | Found Oqonitadwe's Antique Armour Shoppe.
 23057 | Orc:2    | Found Faffuy's Antique Weapon Shop.
 23057 | Orc:2    | Found Papyru's Book Shoppe.
 23067 | Orc:2    | Bought a brightly glowing short sword for 224 gold pieces
 24357 | D:13     | Found Gocapaqi's Antique Armour Shop.
 24533 | D:13     | Identified the cursed +1 short sword of the Pits of Slime
                  | {pierce, rElec} (You bought it in a shop on level 2 of the
                  | Orcish Mines)
 24657 | D:13     | Found a runed translucent door.
 24803 | D:13     | Identified the +3 leather armour "Xisaisao" {rElec rF- MP+9
                  | Str+5} (You found it on level 13 of the Dungeon)
 25209 | D:14     | Reached skill level 11 in Stealth
 25355 | D:14     | Noticed Jorgrun
 25359 | D:14     | Killed Jorgrun
 25816 | D:14     | Reached XP level 15. HP: 112/112 MP: 23/23
 25817 | D:14     | Found a gate to the Vaults.
 25843 | D:14     | Got a shimmering plate armour
 25940 | D:14     | Noticed Azrael
 25968 | D:14     | Killed Azrael
 25968 | D:14     | Reached skill level 12 in Stealth
 26088 | D:15     | Entered Level 15 of the Dungeon
 26123 | D:15     | Noticed Josephine
 26129 | D:15     | Killed Josephine
 26527 | D:15     | Got a pair of scorched gloves
 26538 | D:15     | Identified the +2 pair of gloves of Bulocvo {rCorr Str+4}
                  | (You found it on level 15 of the Dungeon)
 26760 | Orc:2    | Bought faintly humming fire dragon scales for 1365 gold
                  | pieces
 26770 | Orc:2    | Identified the +1 fire dragon scales of Diefeppe {*Drain
                  | rF++ rC- Dex+5 Slay+5} (You bought it in a shop on level 2
                  | of the Orcish Mines)
 27040 | D:15     | Reached skill level 10 in Armour
 27378 | D:15     | Found a staircase to the Depths.
 27710 | Snake:1  | Entered Level 1 of the Snake Pit
 27928 | Snake:1  | Reached skill level 13 in Stealth
 28094 | Snake:1  | Identified the +1 plate armour "Aneituos" {rF+ rN+} (You
                  | found it on level 14 of the Dungeon)
 28919 | Snake:2  | Reached XP level 16. HP: 118/122 MP: 24/24
 29509 | Snake:3  | Found Xuadd's Jewellery Emporium.
 29510 | Snake:3  | Found Inokhita's Gadget Boutique.
 29510 | Snake:3  | Found Emurumo's Jewellery Emporium.
 30073 | Snake:3  | Reached skill level 10 in Fighting
 30557 | Snake:3  | Reached skill level 14 in Stealth
 30728 | Snake:4  | Entered Level 4 of the Snake Pit
 30853 | Snake:4  | Found Tuaruax's Gadget Emporium.
 30854 | Snake:4  | Found Vico's Jewellery Emporium.
 30866 | Snake:4  | Found Nonihyletro's Armour Emporium.
 30869 | Snake:4  | Found Tihuwkaape's Book Emporium.
 30880 | Snake:4  | Bought a +0 pair of boots of stealth for 218 gold pieces
 31367 | Snake:4  | Reached skill level 5 in Shields
 31401 | Snake:4  | Gained mutation: You have an unnaturally thin skeletal
                  | structure. (Dex +6, Stealth++) [demonic ancestry]
 31401 | Snake:4  | Reached XP level 17. HP: 94/128 MP: 26/26
 31977 | Snake:4  | HP: 1/129 [naga sharpshooter/arrow (16)]
 32479 | Snake:4  | Got a serpentine rune of Zot
 33283 | Swamp:1  | Entered Level 1 of the Swamp
 33296 | Swamp:1  | Found an opulent altar of Gozag.
 33733 | Swamp:1  | Found a runed translucent gate.
 33734 | Swamp:1  | Found a runed translucent gate.
 33735 | Swamp:1  | Found a runed translucent gate.
 34507 | Swamp:1  | Noticed ivs's ghost (journeyman VSTm)
 34522 | Swamp:1  | Killed ivs's ghost
 34522 | Swamp:1  | Reached skill level 15 in Stealth
 34540 | Swamp:1  | Identified the amulet "Qufridod" {Inacc rC+} (You found it
                  | on level 1 of the Swamp)
 35579 | Swamp:2  | Reached skill level 15 in Short Blades
 37333 | Swamp:3  | Gained mutation: You are completely attuned to the shadows.
                  | [demonic ancestry]
 37333 | Swamp:3  | Reached XP level 18. HP: 130/136 MP: 27/27
 37895 | Swamp:4  | Entered Level 4 of the Swamp
 37959 | Swamp:4  | Reached skill level 10 in Evocations
 39009 | Swamp:4  | Noticed a bone dragon
 39019 | Swamp:4  | Killed a bone dragon
 39109 | Swamp:4  | Got a decaying rune of Zot
 39476 | Elf:1    | Entered Level 1 of the Elven Halls
 39660 | Elf:1    | Found a runed translucent gate.
 39661 | Elf:1    | Found a runed translucent gate.
 39662 | Elf:1    | Found a runed translucent gate.
 39709 | Elf:1    | Found Hest's Assorted Antiques.
 39742 | Elf:1    | Found Titeot's Food Shop.
 40028 | Elf:1    | Identified Zahino's Volume of Confrontation
 40103 | Elf:1    | Reached skill level 16 in Stealth
 40259 | Elf:1    | Found Cinogus's Weapon Boutique.
 40355 | Elf:1    | Found Keheucup's Magic Scroll Shop.
 40685 | Elf:1    | Identified the ring of the Several Demons {rF+ rN+ MP+9
                  | Int-2 Dex+4} (You found it on level 1 of the Elven Halls)
 40687 | Elf:1    | Noticed Epna's ghost (adept DEFE)
 40692 | Elf:1    | Identified the +6 quick blade of Past Mistakes {protect,
                  | *Drain rC++ MP+9 Int-4} (You acquired it on level 1 of the
                  | Elven Halls)
 40754 | Elf:2    | Found a huge runed translucent gate.
 40754 | Elf:2    | Found a huge runed translucent gate.
 40755 | Elf:2    | Found a huge runed translucent gate.
 40759 | Elf:2    | Found a huge runed translucent gate.
 40759 | Elf:2    | Found a huge runed translucent gate.
 40928 | Elf:2    | Found Plog's Food Emporium.
 41017 | Elf:2    | Gained mutation: You resist negative energy. (rN+) [demonic
                  | ancestry]
 41017 | Elf:2    | Reached XP level 19. HP: 143/143 MP: 28/28
 41092 | Elf:2    | Found a bloodstained altar of Trog.
 42242 | Elf:3    | Entered Level 3 of the Elven Halls
 42405 | Elf:3    | Found Ohietec's Armour Emporium.
 42885 | Elf:3    | Reached skill level 17 in Stealth
 43639 | Elf:3    | Reached skill level 10 in Dodging
 43666 | Elf:3    | Identified the +7 mace "Veomid" {antimagic, *Noise rPois
                  | Int+8}
 43666 | Elf:3    | Identified the ring of Xanilin {Ice rPois MR- Int+2}
 43926 | Elf:3    | Identified the ring "Qiulis Evva" {EV+4 Dex+6 Slay+3}
 43972 | Elf:3    | Identified the Grimoire of Mutagenic Poison
 44029 | Elf:3    | Identified the Reference Book on Companions
 44032 | Elf:3    | Identified Sif Muna's Handbook of Flying Companions
 44035 | Elf:3    | Identified the Collected Works on Poisoning and Flames
 44040 | Elf:3    | Identified the ring of Ijueqaj {rF+ rN+ Int+6 Slay+2} (You
                  | found it on level 3 of the Elven Halls)
 44048 | Elf:3    | Found the +3 Elemental Staff {rElec rF++ rC++ MR++ AC+5}
 44048 | Elf:3    | Identified the ring of Oqieth {rPois rF+ MP+9} (You found
                  | it on level 3 of the Elven Halls)
 44058 | Elf:3    | Identified the ring of Loerph {Ice Stlth+} (You found it on
                  | level 3 of the Elven Halls)
 44420 | Vaults:1 | Entered Level 1 of the Vaults
 44485 | Vaults:1 | Found Fim Omesch's Book Shoppe.
 44491 | Vaults:1 | Bought a manual of Short Blades for 1435 gold pieces
 44803 | Vaults:1 | Gained mutation: You are somewhat able to resist unholy
                  | torments (1 in 2 success). [demonic ancestry]
 44803 | Vaults:1 | Reached XP level 20. HP: 113/151 MP: 29/29
 44904 | Vaults:1 | Reached skill level 18 in Stealth
 45034 | Vaults:1 | Reached skill level 10 in Shields
 45203 | Vaults:1 | Found Zoinnig's Distillery.
 45796 | Vaults:1 | Noticed Nikola
 45800 | Vaults:1 | Killed Nikola
 45901 | Vaults:2 | Noticed Mennas
 45904 | Vaults:2 | Killed Mennas
 46305 | Vaults:2 | Reached skill level 19 in Stealth
 46478 | Vaults:2 | Noticed Saint Roka
 46504 | Vaults:2 | Killed Saint Roka
 47753 | Vaults:3 | Found a staircase to the Crypt.
 47835 | Vaults:3 | Found Ebyteuf's Book Boutique.
 48113 | Vaults:3 | Reached XP level 21. HP: 159/159 MP: 30/30
 48899 | Vaults:4 | Noticed Frederick
 48918 | Vaults:4 | Killed Frederick
 49464 | Vaults:4 | Reached skill level 20 in Stealth
 50573 | Elf:1    | Bought a runed quick blade for 666 gold pieces
 50632 | Elf:1    | Bought a scroll of enchant weapon for 150 gold pieces
 50635 | Elf:1    | Upgraded the game from 0.24-a0-486-ged8816983f to
                  | 0.24-a0-487-g57318f2ed0
 50912 | Depths:1 | Entered Level 1 of the Depths
 50993 | Depths:1 | Found a sparkling altar of Nemelex Xobeh.
 51125 | Depths:1 | Found a runed translucent gate.
 51125 | Depths:1 | Found a runed translucent gate.
 51126 | Depths:1 | Found a runed translucent gate.
 51133 | Depths:1 | Noticed Enui's ghost (veteran DDFi)
 51326 | Depths:1 | Reached XP level 22. HP: 167/167 MP: 31/31
 51745 | Depths:1 | Found a gateway to Hell.
 51795 | Depths:1 | Noticed a juggernaut
 52417 | Depths:2 | Reached skill level 21 in Stealth
 52711 | Depths:2 | Found a snail-covered altar of Cheibriados.
 52789 | Depths:2 | Identified the +4 chain mail of the Farrier {rN++ MP+9
                  | Dex+3 Stlth+} (You found it on level 2 of the Depths)
 52904 | Depths:2 | Found a shattered altar of Ashenzari.
 53720 | Depths:3 | Found a flickering gateway to a bazaar.
 53726 | Bazaar   | Entered a bazaar
 53742 | Bazaar   | Found Ifaax's General Store.
 53766 | Bazaar   | Found Faceus's Magic Scroll Shoppe.
 53773 | Bazaar   | Found Bessaku's Book Shop.
 53779 | Bazaar   | Found Qank's Assorted Antiques.
 53797 | Bazaar   | Bought a scroll of enchant armour for 75 gold pieces
 54367 | Depths:3 | Found a one-way gate leading to the halls of Pandemonium.
 54447 | Depths:3 | Found a one-way gate to the infinite horrors of the Abyss.
 54464 | Depths:3 | Found a gateway to a ziggurat.
 54821 | Depths:3 | Reached XP level 23. HP: 175/175 MP: 32/32
 55027 | Depths:3 | Reached skill level 22 in Stealth
 56142 | Depths:4 | Found a portal to a secret trove of treasure.
 56270 | Depths:4 | Found the +3 robe of Clouds {+Thunder rCloud rElec}
 56549 | Depths:4 | Identified the +3 faerie dragon scales {rPois rN+ rCorr
                  | Dex+4}
 56549 | Depths:4 | Noticed the Enchantress
 56573 | Depths:4 | Killed the Enchantress
 56688 | Depths:4 | Identified the +10 hand axe of an ossuary {pain, rF+}
 56826 | Depths:4 | Identified the +1 pair of boots of Undesirable Species
                  | {Int+4 Dex-3} (You found it on level 4 of the Depths)
 57553 | Depths:5 | Entered Level 5 of the Depths
 57738 | Depths:5 | Gained mutation: You regenerate a lot of health from kills.
                  | [demonic ancestry]
 57738 | Depths:5 | Reached XP level 24. HP: 184/184 MP: 32/32
 58228 | Depths:5 | Reached skill level 23 in Stealth
 58380 | Depths:5 | Found a gate to the Realm of Zot.
 58514 | Depths:1 | Killed a juggernaut
 58893 | Snake:4  | Bought the ring "Aphiyciu" {rF+ MR+} for 819 gold pieces
 59589 | Crypt:1  | Entered Level 1 of the Crypt
 61772 | Crypt:3  | Entered Level 3 of the Crypt
 61983 | Crypt:3  | HP: 7/186 [death knight/+0 great sword (15)]
 61985 | Crypt:3  | HP: 3/186 [jiangshi[a vampire mage] (17)]
 62336 | Crypt:3  | Reached skill level 15 in Shields
 62395 | Crypt:3  | Found a magical portal.
 62407 | WizLab   | Entered Cigotuvi's Fleshworks
 62606 | WizLab   | Paralysed by a floating eye for 4 turns
 62623 | WizLab   | Paralysed by a floating eye for 2 turns
 62749 | WizLab   | Reached XP level 25. HP: 192/192 MP: 32/32
 62851 | WizLab   | Identified the ring "Xusuip Rydd" {rF+ Int+5 Stlth+} (You
                  | found it in a wizard's laboratory)
 63123 | WizLab   | Identified Cigotuvi's Papyrus of Evil Transmutation
 64045 | Crypt:3  | Reached skill level 24 in Stealth
 64562 | Crypt:3  | Found a staircase to the Tomb.
 65008 | Crypt:3  | Found the +7 great mace "Firestarter" {inner flame, rF++}
 65226 | Crypt:3  | Identified Ecok's Papyrus of Helpful Summoning
 65251 | Crypt:3  | Identified the Volume of Necromancy
 65521 | Vaults:5 | Entered Level 5 of the Vaults
 66241 | Vaults:5 | Reached skill level 15 in Fighting
 66544 | Vaults:5 | Reached XP level 26. HP: 151/201 MP: 32/32
 67026 | Vaults:5 | Got a silver rune of Zot
 67381 | Vaults:5 | Identified the cursed +2 trident "Xecw" {flame, rC+}
 68339 | Vaults:5 | Identified the cursed +0 ring mail "Muunis" {*Drain rCorr
                  | Int+4} (You found it on level 5 of the Vaults)
 68803 | Slime:1  | Entered Level 1 of the Pits of Slime
 68959 | Slime:3  | Gained mutation: Armour fits poorly on your strangely
                  | shaped body. [a shining eye]
 68972 | Slime:3  | Reached skill level 25 in Stealth
 69011 | Slime:3  | Lost mutation: Armour fits poorly on your strangely shaped
                  | body. [potion of mutation]
 69011 | Slime:3  | Gained mutation: You have sharp fingernails. [potion of
                  | mutation]
 69011 | Slime:3  | Gained mutation: You are resistant to hostile enchantments.
                  | (MR+) [potion of mutation]
 69011 | Slime:3  | Gained mutation: You are dopey. (Int -2) [potion of
                  | mutation]
 69011 | Slime:3  | Gained mutation: You have supernaturally acute eyesight.
                  | (SInv) [potion of mutation]
 69037 | Slime:5  | Entered Level 5 of the Pits of Slime
 69309 | Slime:5  | Found a viscous altar of Jiyva.
 69310 | Slime:5  | Noticed the Royal Jelly
 69314 | Slime:5  | Killed the Royal Jelly
 69465 | Slime:5  | Gained mutation: Your body sometimes deteriorates upon
                  | taking damage. [a shining eye]
 69494 | Slime:5  | Got a wavering bone ring
 69495 | Slime:5  | Identified the cursed ring "Sonwotitt" {Str-2 SInv Stlth+}
                  | (You found it on level 5 of the Pits of Slime)
 69505 | Slime:5  | Got a slimy rune of Zot
 69507 | Slime:5  | Got a brightly glowing jade ring
 69565 | Slime:5  | Identified the Reference Book on the Blaze and
                  | Transmutation
 69904 | Slime:5  | Identified the ring "Qacs" {Ice MR+} (You found it on level
                  | 5 of the Pits of Slime)
 69906 | Slime:5  | Identified the +5 scale mail of Noon {rN+} (You found it on
                  | level 5 of the Pits of Slime)
 70497 | Zot:1    | Entered Level 1 of the Realm of Zot
 70804 | Zot:1    | Gained mutation: Your melee attacks may debilitate your
                  | foes. [demonic ancestry]
 70804 | Zot:1    | Reached XP level 27. HP: 201/210 MP: 32/32
 71361 | Zot:2    | Noticed an orb of fire
 71373 | Zot:2    | Killed an orb of fire
 72259 | Zot:3    | Reached skill level 26 in Stealth
 73395 | Zot:4    | Noticed an orb of fire
 73400 | Zot:4    | Gained mutation: Your magical capacity is low. (-10% MP)
                  | [an orb of fire]
 73410 | Zot:4    | Gained mutation: You are very dopey. (Int -4) [an orb of
                  | fire]
 73411 | Zot:4    | Gained mutation: Armour fits poorly on your strangely
                  | shaped body. [an orb of fire]
 73420 | Zot:4    | Killed an orb of fire
 73509 | Zot:3    | Lost mutation: You have sharp fingernails. [potion of
                  | mutation]
 73509 | Zot:3    | Lost mutation: Your magical capacity is low. (-10% MP)
                  | [potion of mutation]
 73509 | Zot:3    | Lost mutation: Armour fits poorly on your strangely shaped
                  | body. [potion of mutation]
 73509 | Zot:3    | Lost mutation: Your body sometimes deteriorates upon taking
                  | damage. [potion of mutation]
 73509 | Zot:3    | Gained mutation: You can translocate small distances at
                  | will. [potion of mutation]
 73509 | Zot:3    | Gained mutation: You are robust. (+10% HP) [potion of
                  | mutation]
 73509 | Zot:3    | Gained mutation: You expend magic power (3 MP) to
                  | strengthen your wands. [potion of mutation]
 74797 | Zot:5    | Entered Level 5 of the Realm of Zot
 75726 | Zot:5    | Noticed an ancient lich
 75733 | Zot:5    | Killed an ancient lich
 76317 | Depths:4 | Voluntarily entered the Abyss.
 77680 | Abyss:3  | Reached skill level 15 in Invocations
 78667 | Abyss:3  | Noticed an ancient lich
 78697 | Abyss:3  | Killed an ancient lich
 78726 | Abyss:3  | Killed from afar by an ancient lich

Levels and vault maps discovered:
D:1:      wander_arrival_fairy_ring, layout_loops_ring, serial_glass,
          glass_columns_b, glass_columns_a
D:2:      layout_basic, lemuel_coloured_pillars_altar, serial_rivers,
          chequers_serial_rivers_micro_c, chequers_serial_rivers_micro_e,
          chequers_serial_rivers_micro_c, chequers_serial_rivers_micro_d,
          chequers_serial_rivers_micro_d
D:3:      layout_basic, first_ration, uniq_jessica
D:4:      layout_loops_cross, old_standard_altar, okawaru_gym_becter,
          serial_shops, kennysheep_mini
D:5:      layout_basic, chequers_temple_overflow_statue_of_worship,
          nicolae_gozag_cash_rules_everything_around_me,
          minmay_temple_entry_proselytizer, nicolae_ossuary_entry_monument,
          portal_sewer_entry_d, uniq_blork_the_orc
D:6:      layout_cave_pools, nicolae_overflow_crystal_walls, basic_altar,
          uniq_duvessa
D:7:      minmay_general_purpose_star, layout_basic
D:8:      layout_gridville, serial_shops, shop
D:9:      layout_loops_ring, overflow_temple_1_default, marbit_many_paths,
          blue_anna_alchemist [blue_anna_fruit_fields, blue_anna_fruit_fields],
          dk_noncrumbling_2
D:10:     layout_irregular_city, erik_lair_island, uniq_nergalle
D:11:     layout_roguey, david_orc_5, serial_bayou, serial_bayou_ford_a,
          serial_bayou_crossing, serial_bayou_pond_d, serial_bayou_pond_d,
          serial_bayou_lagoon_a, serial_bayou_pond_a, gauntlet_entry_generic,
          minmay_quadrilaterals
D:12:     layout_stronghold
D:13:     cheibrodos_shockbox, layout_stronghold, serial_shops,
          nicolae_shop_crystal, minmay_misc_feat_nine_boxes
D:14:     layout_roguey, hangedman_vaults_entry_quadrant_bands,
          kennysheep_generic_room_11, uniq_azrael, uniq_jorgrun
D:15:     gammafunk_enter_depths_forms, layout_cave_pools,
          hangedman_cracks_in_the_wall, uniq_josephine
Lair:1:   dragon1_lemuel, layout_regular_city, infiniplex_staircase_pool,
          grunt_megastairs_1, uniq_sonja
Lair:2:   layout_misc_corridors, guppyfry_snake_entry_island,
          beast_lair_carwin_1
Lair:3:   layout_regular_city, grunt_forest_small_clearings
Lair:4:   layout_misc_corridors, palyth_hydra_swamp_entry, serial_rivers,
          chequers_serial_rivers_small_a, chequers_serial_rivers_micro_a,
          chequers_serial_rivers_marsh, chequers_serial_rivers_room_b,
          lemuel_fruit_fields
Lair:5:   layout_gridlike, serial_bayou_shore_b
Lair:6:   due_jungle_book, layout_regular_city, minmay_slime_entry_oklob_open,
          chequers_serial_rivers_marsh, kennysheep_rathole
Swamp:1:  layout_falls_marsh, gammafunk_ghost_necromancy, basic_altar
Swamp:2:  layout_basic_swamp, nicolae_swamp_treefoil, swamp_pool1
Swamp:3:  layout_basic_swamp, evilmike_swamp_ruin_house_5, swamp_pool1,
          st_swamp_ruins_2
Swamp:4:  swamp_pestilence, layout_basic_swamp, lightli_tree_ring
Snake:1:  layout_gridlike, grunt_megastairs_3
Snake:2:  layout_onion
Snake:3:  layout_onion_interference, minmay_shop_grove
Snake:4:  minmay_snake_end_coiled, layout_cave_town, minmay_shop_grid_forest
Slime:1:  layout_caves, cheibrodos_slime_lost_civilization_5
Slime:2:  layout_caves
Slime:3:  layout_caves
Slime:4:  layout_caves
Slime:5
Orc:1:    layout_caves, serial_shops, shop, shop, shop, shop, shop
Orc:2:    grunt_orc_tribal_feast, layout_caves, serial_shops, shop, basic_altar,
          nicolae_orc_stony_grotto
Elf:1:    elf_arrival_002, layout_geoelf_diagonals, serial_shops,
          nicolae_shop_waterfront, nicolae_shop_crystal, shop, shop,
          gammafunk_ghost_split, hangedman_elf_disciples,
          minmay_elf_annihilation
Elf:2:    layout_rooms, serial_shops, nicolae_shop_statue_plus,
          nicolae_elf_glass_and_crystal_pillar_1, evilmike_spriggan_trog_shrine
Elf:3:    minmay_elf_hall_circle, layout_loops_corners, serial_shops, shop
Vaults:1: v_misc_22, v_alt_pattern_5, v_misc_15, grunt_vaults_hallway_long,
          nicolae_vaults_arrows, v_misc_16, vaults_dpeg_encased_lava, v_misc_27,
          nicolae_vaults_theta, ontoclasm_vaults_ring_large, v_misc_5,
          vaults_dpeg_hooks, layout_vaults_omnibox, serial_shops,
          nicolae_shop_waterfront, shop, uniq_nikola
Vaults:2: ontoclasm_vaults_ring_square, nicolae_vaults_theta, v_alt_pattern_2,
          ontoclasm_vaults_spin, vaults_mumra_hexcomb,
          nicolae_vaults_back_hallway, ontoclasm_vaults_shuriken,
          vaults_room_door_hall, v_misc_9, layout_vaults_big_room,
          uniq_saint_roka, uniq_mennas
Vaults:3: nicolae_vaults_hallways_thing, ontoclasm_vaults_water_temple,
          minmay_crypt_entry_simple_box, hangedman_vaults_river_flow,
          vaults_room_semicircle, ontoclasm_vaults_claustrophobia,
          vaults_room_stairs_pillars, hangedman_vaults_stitches,
          nicolae_vaults_diagonal_hallway_9, v_misc_25,
          hangedman_vaults_capsules, v_misc_17, hangedman_vaults_trim,
          vaults_dpeg_diagonal, layout_vaults_maze_snakey, serial_shops,
          nicolae_shop_behind_doors
Vaults:4: hangedman_vaults_trim, nicolae_vaults_ninety_degrees, v_misc_4,
          vaults_room_stairs_pillars, v_misc_11, v_misc_28,
          ontoclasm_vaults_twist, v_pattern_2, v_misc_14, vaults_room_pool,
          nicolae_vaults_know_your_exits, layout_vaults_omnicross,
          uniq_frederick
Vaults:5
Crypt:1:  layout_gridlike, grunt_crypt_arrival_split, grunt_megastairs_4
Crypt:2:  layout_chaotic_city, nicolae_crypt_small_crypt
Crypt:3:  due_elkab, layout_chaotic_city, tomb_entry_shell_bobbens,
          mu_enter_wizlab_4, st_chilly_death
Depths:1: layout_roguey [special_room_jelly], pf_hell_entry_tar_river,
          gammafunk_ghost_split, kennysheep_small_spiral,
          minmay_misc_feat_enclosed, nemelex_xobeh_ov_fountains_minmay
Depths:2: pf_snail_temple, layout_basic, nicolae_ashenzari_panopticon,
          hell_entry
Depths:3: grunt_bent_corner, layout_cave_pools, enter_ziggurat_a,
          chequers_serial_rivers_small_3, pan_entry, hell_entry,
          hangedman_abyss_entry_splay, serial_shops, bzr_entry_safe,
          serial_bayou_shore_a
Depths:4: minmay_curly_fans, layout_gridlike, hangedman_abyss_or_decor_stabs,
          nicolae_trove_entry_free_sample, pan_entry,
          abyss_entry_small_statue_room, grunt_hell_entry_dis_grunt, drop_trap,
          hangedman_stitches_earthworm, uniq_enchantress
Depths:5: grunt_zot_entry_alcove, layout_cross, hell_entry,
          roderic_roman_lattice, chequers_hall_statues_corner_a,
          grunt_ministairs_13
Zot:1:    layout_basic
Zot:2:    layout_basic
Zot:3:    layout_basic
Zot:4:    layout_cathedral_of_symmetry, hangedman_zot_decor_scrapings,
          hangedman_hellfire_club
Zot:5:    layout_gridlike, nicolae_zot_crop_circle
Abyss:3:  hangedman_classic_abyss_death

Skill      XL: |  1  2  3  4  5  6  7  8  9 10 11 12 13 14 15 16 17 18 19 20 21 22 23 24 25 26 27 |
---------------+----------------------------------------------------------------------------------+-----
Dodging        | 2 3 4 5 6 7 8 9 10 11 12 13 | 13.8
Stealth        | 1 2 4 5 6 7 10 11 13 14 15 16 17 19 20 21 22 23 24 25 26 | 26.9
Fighting       | 3 4 5 6 7 8 9 10 11 12 13 14 15 16 | 16.5
Armour         | 1 2 3 4 6 7 9 10 11 12 | 12.5
Invocations    | 1 3 4 5 8 10 11 12 13 15 | 15.5
Evocations     | 1 3 5 7 8 9 10 | 10.5
Short Blades   | 1 7 10 12 13 14 15 16 17 19 20 21 22 23 | 23.2
Shields        | 1 3 5 6 8 9 10 11 12 13 15 16 17 18 | 18.9
Throwing       | |  3.6

Action                   |  1- 3 |  4- 6 |  7- 9 | 10-12 | 13-15 | 16-18 | 19-21 | 22-24 | 25-27 || total
-------------------------+-------+-------+-------+-------+-------+-------+-------+-------+-------++-------
Melee: Short sword       |    30 |       |       |       |       |       |       |       |       ||    30
       Dagger            |   125 |   174 |   518 |   471 |  1017 |  1294 |  1023 |       |       ||  4622
       Headbutt          |       |    38 |   133 |   117 |   293 |   469 |   443 |   966 |  1511 ||  3970
       Quick blade       |       |       |       |       |       |       |   204 |  2223 |  3434 ||  5861
Throw: Javelin           |       |     8 |    10 |     2 |       |       |       |       |       ||    20
       Boomerang         |       |     3 |       |     7 |     4 |    16 |       |       |       ||    30
       Throwing net      |       |       |     2 |       |       |       |       |     1 |       ||     3
Invok: Shadow Step       |       |       |     1 |     8 |     3 |    12 |       |       |     1 ||    25
 Abil: Stop Flying       |       |       |       |       |     1 |       |       |       |       ||     1
       Evoke Flight      |       |       |       |       |     1 |       |       |       |       ||     1
Evoke: Wand              |       |       |     2 |    50 |    35 |    14 |     1 |    17 |    18 ||   137
       Box of beasts     |       |       |       |     1 |       |       |       |       |       ||     1
       Sack of spiders   |       |       |       |       |       |       |       |     1 |       ||     1
       Lamp of fire      |       |       |       |       |       |       |       |     1 |       ||     1
  Use: Scroll            |       |    10 |    11 |    18 |    14 |    21 |    12 |     9 |    12 ||   107
       Potion            |       |       |     1 |     9 |     2 |     7 |     2 |     7 |     8 ||    36
 Stab: Sleeping          |     2 |    11 |    50 |    45 |   100 |   125 |   191 |   164 |   231 ||   919
       Distracted        |     1 |       |     2 |     7 |     9 |    21 |    17 |    32 |    61 ||   150
       Held in net/web   |       |       |     1 |       |       |       |       |       |       ||     1
       Paralysed         |       |       |       |     6 |     3 |       |     1 |    21 |    21 ||    52
       Confused          |       |       |       |       |       |     1 |     2 |    17 |    25 ||    45
       Petrifying        |       |       |       |       |       |       |     2 |    10 |    35 ||    47
  Eat: Chunk             |     2 |     8 |    15 |    23 |    34 |    26 |    32 |    24 |    37 ||   201
       Ration            |       |       |     1 |     1 |     1 |     4 |       |     4 |     4 ||    15
Armor: Leather armour    |    15 |       |       |       |       |       |       |       |       ||    15
       Ring mail         |    37 |    59 |   130 |    49 |       |       |       |       |       ||   275
       Fire dragon scale |       |       |       |    38 |    96 |   270 |   129 |   143 |       ||   676
       Plate armour      |       |       |       |       |   242 |       |       |       |       ||   242
       Acid dragon scale |       |       |       |       |       |       |       |   128 |   108 ||   236
       Chain mail        |       |       |       |       |       |       |       |       |   184 ||   184
Dodge: Dodged            |   100 |   104 |   346 |   289 |   328 |   518 |   354 |   630 |   697 ||  3366
Block: Buckler           |       |       |       |       |    90 |     6 |       |       |       ||    96
       Shield            |       |       |       |       |       |   562 |   579 |  1043 |   832 ||  3016
       Reflection        |       |       |       |       |       |       |    38 |    30 |    33 ||   101
       Large shield      |       |       |       |       |       |       |       |       |   679 ||   679

Table legend:
 A = Non-vault XP
 B = Vault XP
 C = Vault XP percentage of total XP
 D = Non-vault monster count
 E = Vault monster count
 F = Vault count percentage of total count
                 A         B        C        D         E       F
            +---------+---------+-------+---------+---------+-------
      Total |  980529 |  831313 |  45.9 |    1821 |    1199 |  39.7
            +---------+---------+-------+---------+---------+-------
        D:1 |      41 |       0 |   0.0 |      24 |       0 |   0.0
        D:2 |     121 |       0 |   0.0 |      31 |       0 |   0.0
        D:3 |     101 |      37 |  26.8 |      17 |       1 |   5.6
        D:4 |     294 |       0 |   0.0 |      12 |       0 |   0.0
        D:5 |     526 |     158 |  23.1 |      19 |       3 |  13.6
        D:6 |    1343 |     210 |  13.5 |      37 |       2 |   5.1
        D:7 |     818 |     255 |  23.8 |      22 |       4 |  15.4
        D:8 |    1553 |       0 |   0.0 |      24 |       0 |   0.0
        D:9 |    2235 |      97 |   4.2 |      21 |       1 |   4.5
       D:10 |    2124 |    1567 |  42.5 |      16 |       7 |  30.4
       D:11 |    3722 |    2930 |  44.0 |      33 |      24 |  42.1
       D:12 |    3618 |       0 |   0.0 |      17 |       0 |   0.0
       D:13 |    6675 |     751 |  10.1 |      27 |       1 |   3.6
       D:14 |    9513 |   10950 |  53.5 |      29 |      31 |  51.7
       D:15 |   14100 |    8571 |  37.8 |      37 |      27 |  42.2
     Lair:1 |    1225 |    2266 |  64.9 |       6 |       4 |  40.0
     Lair:2 |    1471 |    1345 |  47.8 |      11 |       7 |  38.9
     Lair:3 |    2626 |       0 |   0.0 |      16 |       0 |   0.0
     Lair:4 |    5548 |    2556 |  31.5 |      30 |       6 |  16.7
     Lair:5 |    7370 |       0 |   0.0 |      21 |       0 |   0.0
     Lair:6 |   14599 |    5108 |  25.9 |      32 |      21 |  39.6
    Swamp:1 |   14627 |    3364 |  18.7 |      38 |      11 |  22.4
    Swamp:2 |   13314 |       0 |   0.0 |      34 |       0 |   0.0
    Swamp:3 |   22101 |    4008 |  15.4 |      45 |       6 |  11.8
    Swamp:4 |   13743 |   14644 |  51.6 |      27 |      43 |  61.4
    Snake:1 |   11738 |    2409 |  17.0 |      23 |       4 |  14.8
    Snake:2 |   20457 |       0 |   0.0 |      32 |       0 |   0.0
    Snake:3 |   22490 |       0 |   0.0 |      41 |       0 |   0.0
    Snake:4 |   23515 |   26127 |  52.6 |      46 |      46 |  50.0
    Slime:1 |    4773 |       0 |   0.0 |      17 |       0 |   0.0
    Slime:2 |    5298 |       0 |   0.0 |       8 |       0 |   0.0
    Slime:3 |    8280 |       0 |   0.0 |      15 |       0 |   0.0
    Slime:4 |    1057 |       0 |   0.0 |       4 |       0 |   0.0
    Slime:5 |   18498 |   28730 |  60.8 |      35 |      15 |  30.0
      Orc:1 |    4432 |     752 |  14.5 |      24 |       2 |   7.7
      Orc:2 |    2331 |    6377 |  73.2 |      38 |      28 |  42.4
      Elf:1 |   16885 |   18625 |  52.5 |      30 |      30 |  50.0
      Elf:2 |   13910 |   28324 |  67.1 |      23 |      33 |  58.9
      Elf:3 |   10681 |   41486 |  79.5 |      16 |      25 |  61.0
   Vaults:1 |   28966 |   28961 |  50.0 |      54 |      44 |  44.9
   Vaults:2 |   24608 |   26388 |  51.7 |      48 |      35 |  42.2
   Vaults:3 |   20791 |   21969 |  51.4 |      34 |      32 |  48.5
   Vaults:4 |   21691 |   57333 |  72.6 |      28 |      67 |  70.5
   Vaults:5 |   44364 |  106445 |  70.6 |      63 |      73 |  53.7
    Crypt:1 |   31113 |    8513 |  21.5 |      56 |      10 |  15.2
    Crypt:2 |   21598 |       0 |   0.0 |      40 |       0 |   0.0
    Crypt:3 |   31822 |   60633 |  65.6 |      41 |     112 |  73.2
   Depths:1 |   41006 |   37624 |  47.8 |      68 |      36 |  34.6
   Depths:2 |   22445 |   33566 |  59.9 |      28 |      36 |  56.2
   Depths:3 |   37007 |   76401 |  67.4 |      47 |      76 |  61.8
   Depths:4 |   43337 |   31907 |  42.4 |      46 |      32 |  41.0
   Depths:5 |   24601 |   36007 |  59.4 |      26 |      25 |  49.0
      Zot:1 |   30010 |       0 |   0.0 |      21 |       0 |   0.0
      Zot:2 |   51695 |       0 |   0.0 |      30 |       0 |   0.0
      Zot:3 |   31714 |       0 |   0.0 |      22 |       0 |   0.0
      Zot:4 |   45393 |    4721 |   9.4 |      26 |       7 |  21.2
      Zot:5 |   31327 |   32839 |  51.2 |      19 |      11 |  36.7
    Abyss:1 |   11380 |       0 |   0.0 |      17 |       0 |   0.0
    Abyss:2 |   21882 |   13980 |  39.0 |      46 |      20 |  30.3
    Abyss:3 |   56026 |       0 |   0.0 |      83 |       0 |   0.0
      Sewer |       0 |     246 | 100.0 |       0 |      48 | 100.0
    Ossuary |       0 |     268 | 100.0 |       0 |      50 | 100.0
     WizLab |       0 |   36986 | 100.0 |       0 |      88 | 100.0
   Gauntlet |       0 |    4879 | 100.0 |       0 |      15 | 100.0
            +---------+---------+-------+---------+---------+-------
